 Dungeon Crawl Stone Soup version 0.29-a0-653-gd47aff6735 (webtiles) character file.

Game seed: 3555031377498793842

196 HoaS the Ruffian (level 5, -4/33 HPs)
             Began as a Tengu Berserker on June 21, 2022.
             Was a Priest of Trog.
             Slain by a mummy (11 damage)
             ... in an ossuary.
             The game lasted 00:06:11 (3216 turns).

HoaS the Ruffian (Tengu Berserker)                  Turns: 3216, Time: 00:06:11

Health: -4/33      AC:  9    Str: 20    XL:     5   Next: 74%
Magic:  6/6        EV: 14    Int:  7    God:    Trog [***...]
Gold:   163        SH:  0    Dex: 13    Spells: 4/4 levels left

rFire   . . .      SeeInvis .     - Unarmed
rCold   + . .      Faith    .   (no shield)
rNeg    . . .      Spirit   .   e - +1 ring mail
rPois   .          Reflect  .   (helmet restricted)
rElec   .          Harm     .   (no cloak)
rCorr   .          Rampage  .   g - +2 pair of gloves
Will    +....                   (boots unavailable)
Stlth   +.........              (no amulet)
HPRegen 0.11/turn               b - ring of protection from cold
MPRegen 0.10/turn               a - ring of willpower

@: flying quickly and evasively, quick
A: beak, talons 3, nimble flight
a: Renounce Religion, Berserk, Trog's Hand


You were in an ossuary.
You worshipped Trog.
Trog was most pleased with you.
You visited 1 branch of the dungeon, and saw 4 of its levels.
You also visited: Ossuary.

You collected 163 gold pieces.

Inventory:

Armour
 e - a +1 ring mail (worn)
 g - a +2 pair of gloves (worn)
Jewellery
 a - a ring of willpower (right hand)
 b - a ring of protection from cold (left hand)
Scrolls
 h - 2 scrolls of teleportation
 j - a scroll of fog
Potions
 c - 3 potions of lignification {unknown}
 d - 2 potions of heal wounds {unknown}
 f - a potion of mutation {unknown}
 i - a potion of might {unknown}
 k - 3 potions of curing {unknown}


   Skills:
 + Level 4.0 Fighting
 + Level 3.6 Armour
 + Level 3.6 Dodging
 + Level 4.4 Unarmed Combat


You had 4 spell levels left.
You didn't know any spells.
Your spell library was empty.

Dungeon Overview and Level Annotations

Branches:
Dungeon (4/15)            Ossuary (1/1)
 Temple: D:4-7

Altars:
Nemelex Xobeh
Trog
Wu Jian

Shops:
D:2 =

Annotations:
D:3 2 runed translucent doors, rigao's ghost, amateur MeFi


Innate Abilities, Weirdness & Mutations

You have a beak for a mouth.
You have claws for feet.
Your magical nature lets you fly swiftly and evasively.


Message History

No target in view!
No target in view!
No target in view!
Unknown command. 2 mummies and a hobgoblin zombie come into view.
You feel the effects of Trog's Hand fading.
There are monsters nearby! 2 mummies and a kobold zombie come into view.
Your skin stops crawling.
You feel less strong-willed.
Okay, then.
You barely miss the mummy. You claw the mummy, but do no damage.
The mummy barely misses you.
You barely miss the mummy. You claw the mummy!
The mummy is moderately damaged.
You hit the mummy. You peck the mummy.
The mummy is severely damaged.
The mummy hits you but does no damage. The mummy hits you.
You hit the mummy. You claw the mummy.
You destroy the mummy!
Trog accepts your kill.
The kobold zombie hits you but does no damage.
You hit the mummy. Your peck misses the mummy.
The mummy is lightly damaged.
You hit the mummy but do no damage. You peck the mummy, but do no damage.
The mummy is lightly damaged.
You hit the mummy but do no damage. Your kick misses the mummy.
Your peck misses the mummy.
The mummy is lightly damaged.
The kobold zombie hits you but does no damage.
You barely miss the mummy. Your kick misses the mummy. You peck the mummy.
The mummy is moderately damaged.
The kobold zombie hits you but does no damage.
The mummy hits you!
You hit the mummy.
The mummy is heavily damaged.
The mummy hits you!
* * * LOW HITPOINT WARNING * * *
The kobold zombie barely misses you. The mummy barely misses you.
The mummy hits you!
You die...

#....#
#....#
#....#
#....#
#....#
#Z...#
#MZ..#
#.M..#
#@M∩.#
######


You could see 3 mummies, a hobgoblin zombie and a kobold zombie.

Vanquished Creatures
  A scorpion (D:3)
  2 mummies
  3 adders
  A dart slug (D:3)
  8 orcs
  A ball python (D:1)
  5 endoplasms
  A giant cockroach (D:1)
  5 goblins
  A hobgoblin (D:1)
  21 jackals
  6 kobolds
  2 quokkas
  6 bats
  A frilled lizard (D:1)
  2 gnoll zombies (Ossuary)
  A hobgoblin zombie (Ossuary)
  A kobold zombie (Ossuary)
  2 orc zombies (Ossuary)
  7 rats
77 creatures vanquished.

Notes
Turn   | Place    | Note
-------+----------+-------------------------------------------
     0 | D:1      | HoaS the Tengu Berserker began the quest for the Orb.
     0 | D:1      | Reached XP level 1. HP: 14/14 MP: 2/2
   191 | D:1      | Reached XP level 2. HP: 19/19 MP: 3/3
   497 | D:1      | Reached XP level 3. HP: 12/23 MP: 4/4
   497 | D:1      | Reached ** piety under Trog
   672 | D:1      | Found a faded altar of an unknown god.
  1387 | D:2      | Found Zukerph's Jewellery Emporium.
  2085 | D:1      | Reached XP level 4. HP: 8/28 MP: 5/5
  2464 | D:3      | Found a runed translucent door.
  2586 | D:3      | Noticed a scorpion
  2612 | D:3      | Killed a scorpion
  2613 | D:3      | Gained mutation: Your magical nature lets you fly swiftly
                  | and evasively. [Tengu growth]
  2613 | D:3      | Reached XP level 5. HP: 22/33 MP: 6/6
  2739 | D:3      | Found a bloodstained altar of Trog.
  2838 | D:3      | Found a sparkling altar of Nemelex Xobeh.
  2907 | D:3      | Reached *** piety under Trog
  2979 | D:3      | Found a runed translucent door.
  2980 | D:3      | Noticed rigao's ghost (amateur MeFi)
  3060 | D:3      | Found an ornate altar of the Wu Jian Council.
  3148 | D:4      | Found a sand-covered staircase.
  3156 | Ossuary  | Entered an ossuary
  3216 | Ossuary  | Slain by a mummy

Illustrated notes

Levels and vault maps discovered:
D:1:      amcnicky_arrival_gap_in_the_tavern_cellar, layout_rooms,
          shapermc_ecumenical_altar_starsandcircs
D:2:      layout_basic, serial_shops, nicolae_shop_waterfront,
          nicolae_concentric_dashed_squares_wild, minmay_misc_feat_five
D:3:      layout_rooms, nicolae_wu_jian_glorious_leap,
          chequers_temple_overflow_statue_of_worship, ebering_ghost_sewer_f,
          nrook_loot_triangle
D:4:      layout_layer_cave, makhleb_heckhound_becter,
          nicolae_ossuary_entry_giza
Ossuary:  ossuary_tomb_3

Skill      XL: |  1  2  3  4  5 |
---------------+----------------+-----
Dodging        | 3 |  3.6
Armour         | 3 |  3.6
Unarmed Combat | 4 |  4.4
Fighting       | 4 |  4.0

Action                   |  1- 3 |  4- 6 || total
-------------------------+-------+-------++-------
Melee: Unarmed           |   102 |   100 ||   202
       Peck              |    13 |    10 ||    23
       Kick              |    22 |    32 ||    54
       Punch             |     1 |     1 ||     2
Invok: Trog's Hand       |       |     1 ||     1
  Use: Scroll            |     3 |     1 ||     4
Armor: Animal skin       |     2 |       ||     2
       Ring mail         |    31 |    36 ||    67
Dodge: Dodged            |    51 |    49 ||   100

Table legend: (Time is in decaauts)
 A = Elapsed time spent in this place.
 B = Non-inter-level travel time spent in this place.
 C = Inter-level travel time spent in this place.
 D = Time resting spent in this place.
 E = Time spent auto-exploring this place.
 F = Levels seen in this place.
 G = Mean time per level.
                   A        B        C        D        E       F      G
               +--------+--------+--------+--------+--------+-----+--------+
         Total |   3162 |   3065 |     97 |   1173 |   1393 |   5 |  632.4 |
       Dungeon |   3106 |   3009 |     97 |   1173 |   1388 |   4 |  776.5 |
       Ossuary |     56 |     56 |      0 |      0 |      4 |   1 |   56.0 |
               +--------+--------+--------+--------+--------+-----+--------+

Top non-repeatable levels by time:
     D:2: 1347 daAuts
     D:1: 1087 daAuts
     D:3: 649 daAuts
 Ossuary: 56 daAuts
     D:4: 22 daAuts
